 Dungeon Crawl Stone Soup version 0.23.2-40-g277498a001 (webtiles) character file.

Game seed: 14199832482429952377

44 Descartes the Skirmisher (level 3, 0/30 HPs)
             Began as a Formicid Abyssal Knight on Sept 22, 2019.
             Was a Follower of Lugonu.
             Slain by a gnoll
             ... wielding a +0 spear
              (1 damage)
             ... on level 2 of the Dungeon.
             The game lasted 00:04:29 (1941 turns).

Descartes the Skirmisher (Formicid Abyssal Knight)  Turns: 1941, Time: 00:04:31

Health: 0/30       AC:  8    Str: 16    XL:     3   Next: 87%
Magic:  5/5        EV: 12    Int: 11    God:    Lugonu [*.....]
Gold:   99         SH:  5    Dex: 16    Spells: 2/2 levels left

rFire    . . .     SeeInvis +   a - +1 falchion
rCold    . . .     Gourm    .   (no shield)
rNeg     . . .     Faith    .   l - +0 chain mail
rPois    +         Spirit   .   (helmet unavailable)
rElec    .         Reflect  +   (no cloak)
rCorr    .         Harm     .   (no gloves)
MR       .....                  (no boots)
Stlth    ..........             f - +5 amulet of reflection
HPRegen  0.10/turn              r - ring of poison resistance
MPRegen  0.09/turn              (no ring)

@: agile, glowing
A: permanent stasis, dig shafts and tunnels, four strong arms, antennae 3
a: Dig, Shaft Self, Depart the Abyss, Renounce Religion


You were on level 2 of the Dungeon.
You worshipped Lugonu.
Lugonu was aware of your devotion.
You were not hungry.

You visited 1 branch of the dungeon, and saw 2 of its levels.
You visited the Abyss 1 time.

You collected 99 gold pieces.

Inventory:

Hand Weapons
 a - a +1 falchion (weapon)
 j - a +0 mace
Missiles
 h - 101 stones (quivered)
 i - 13 bolts
 o - 16 poisoned needles
 q - 25 arrows
Armour
 b - a +0 leather armour
 l - a +0 chain mail (worn)
 m - a +0 ring mail
Jewellery
 f - a +5 amulet of reflection (around neck)
 r - a ring of poison resistance (left hand)
Wands
 p - a wand of iceblast (5)
Scrolls
 e - a scroll of identify {unknown}
 g - a scroll of teleportation {unknown}
 k - 3 scrolls of remove curse {unknown}
Potions
 d - a potion of curing
Comestibles
 c - 9 rations
 s - 2 chunks of flesh


   Skills:
 + Level 3.7 Fighting
 - Level 2.0 Long Blades
 + Level 2.6 Armour
 + Level 1.4 Dodging
 + Level 1.7 Stealth
 + Level 2.7 Invocations


You had 2 spell levels left.
You didn't know any spells.
Your spell library was empty.

Dungeon Overview and Level Annotations

Branches:
Dungeon (2/15)

Altars:
Vehumet


Innate Abilities, Weirdness & Mutations

You cannot be hasted, slowed, berserked, paralysed or teleported.
You can dig through walls and to a lower floor.
Your four strong arms can wield two-handed weapons with a shield.
You have a pair of large antennae on your head. (SInv)


Message History

The gnoll misses you.
The gnoll shaman hits you with a +0 club.
The gnoll barely misses you.
You hit the gnoll shaman but do no damage.
The gnoll shaman is heavily wounded.
You block the gnoll's attack.
The gnoll shaman hits you with a +0 club.
The gnoll barely misses you.
You hit the gnoll shaman but do no damage.
The gnoll shaman is heavily wounded.
You block the gnoll's attack. The gnoll shaman barely misses you.
The gnoll hits you from afar with a +0 spear!
* * * LOW HITPOINT WARNING * * *
You hit the gnoll shaman but do no damage.
The gnoll shaman is heavily wounded.
The gnoll shaman hits you with a +0 club!
* * * LOW HITPOINT WARNING * * *
The gnoll closely misses you.
The gnoll hits you from afar with a +0 spear.
You die...

#.#.# #.g# ###...## #.# ....#
#g{##....###..# #.# ..### #g....#
.# ##.## #.# ##########.##### .#
#..# #.# #........# !# ##.## #.#
#........# .# #..######.#
.........## .# ##.#......#
#######.....#####.# #...###..#
..#...#....ggggg@.# ##..# #..#
#.#.#.#....g#############..# #..#
#.#.#.#.##### #...........# #...
#.#.....########.###....##.####.#
#'###.#........#.............#...
...##.#........###.#######...#...
...##..............# ## #...#...
...####........###.#######.#.#...
#.## #........# #...+_+...#.....


You could see a gnoll shaman and 5 gnolls.

Vanquished Creatures
  A worm (D:2)
  A dart slug (D:2)
  3 leopard geckos (D:1)
  5 giant cockroaches
  2 goblins
  3 hobgoblins
  4 jackals (D:2)
  4 bats
  2 frilled lizards (D:2)
  5 kobolds
  4 rats
34 creatures vanquished.

Notes
Turn   | Place    | Note
-------+----------+-------------------------------------------
     0 | Abyss:1  | Descartes the Formicid Abyssal Knight began the quest for
                  | the Orb.
     0 | Abyss:1  | Reached XP level 1. HP: 18/18 MP: 2/2
    71 | Abyss:2  | Noticed a smoke demon
    91 | Abyss:2  | Noticed a bone dragon
   104 | Abyss:2  | Noticed a quasit
   105 | D:1      | Escaped the Abyss
   370 | D:1      | Reached skill level 1 in Dodging
   371 | D:1      | Reached XP level 2. HP: 24/24 MP: 3/3
   442 | D:1      | Reached * piety under Lugonu
   644 | D:1      | Reached skill level 1 in Stealth
   866 | D:1      | Reached XP level 3. HP: 27/29 MP: 4/4
  1143 | D:2      | Found a radiant altar of Vehumet.
  1941 | D:2      | HP: 1/30 [gnoll shaman/+0 club (7)]
  1941 | D:2      | Slain by a gnoll

Skill      XL: |  1  2 |
---------------+-------+-----
Dodging        | 1 |  1.4
Stealth        | 1 |  1.7
Fighting       | |  3.7
Long Blades    | |  2.0
Armour         | |  2.6
Invocations    | |  2.7

Action                   || total
-------------------------++-------
Melee: Falchion          ||   134
Invok: Depart the Abyss  ||     1
  Use: Potion            ||     2
  Eat: Chunk             ||     3
Armor: Leather armour    ||    11
       Ring mail         ||    10
       Chain mail        ||    40
Dodge: Dodged            ||    71
Block: Other             ||    28
       Reflection        ||     1
       Rpst.: Falchion   ||    11
